 Dungeon Crawl Stone Soup version 0.22.1-1-ga44c0e5 (webtiles) character file.

9789 dvd the Zephyrmancer (level 11, 0/87 HPs)
             Began as a Tengu Air Elementalist on Oct 29, 2018.
             Was a Priest of Vehumet.
             Killed by vampiric draining
             ... invoked by a vampire
              (18 damage)
             ... on level 10 of the Dungeon.
             The game lasted 00:36:20 (13817 turns).

dvd the Zephyrmancer (Tengu Air Elementalist)      Turns: 13817, Time: 00:36:20

Health: 0/87       AC:  8    Str: 13    XL:     11   Next: 52%
Magic:  4/26       EV: 20    Int: 20    God:    Vehumet [***...]
Gold:   415        SH:  0    Dex: 16    Spells: 18/31 levels left

rFire    . . .     SeeInvis .   m - +4 quarterstaff (chaos)
rCold    + . .     Gourm    .   (shield currently unavailable)
rNeg     . . .     Faith    .   F - +1 troll leather armour
rPois    .         Spirit   .   (helmet restricted)
rElec    .         Reflect  .   n - +0 cloak
rCorr    .         Harm     .   (no gloves)
MR       .....                  (boots unavailable)
Stlth    ..........             B - amulet of the acrobat
HPRegen  0.64/turn              t - +6 ring of evasion
MPRegen  0.20/turn              l - ring of protection from cold

@: berserking, lethally poisoned (0 -> 0), very quick
A: antennae 1, beak, talons 3, thin skeletal structure 1, yellow scales 1, able
to fly 1
a: Fly, Renounce Religion


You were on level 10 of the Dungeon.
You worshipped Vehumet.
Vehumet was most pleased with you.
You were near starving.

You visited 1 branch of the dungeon, and saw 11 of its levels.

You collected 426 gold pieces.
You spent 11 gold pieces at shops.

Inventory:

Hand Weapons
 m - a +4 quarterstaff of chaos (weapon)
 u - a +2 dagger of venom
 v - a +0 short sword of flaming
 C - a +1 mace of protection
 D - a +1 short sword of venom
Armour
 a - the +0 buckler of Impressiveness {SInv}
   (You acquired it on level 7 of the Dungeon)

   It lets you see invisible.
 n - a +0 cloak (worn)
 x - the +1 ring mail of Untold Secrets {rN+ Str+3 Dex+4}
   (You found it on level 8 of the Dungeon)

   It affects your strength (+3).
   It affects your dexterity (+4).
   It protects you from negative energy.
 F - a +1 troll leather armour (worn)
 J - a +0 large shield
Jewellery
 l - a ring of protection from cold (right hand)
 t - a +6 ring of evasion (left hand)
 B - an amulet of the acrobat (around neck)
Wands
 w - a wand of flame (10)
 y - a wand of paralysis (15)
 A - a wand of random effects (49)
Scrolls
 b - a scroll of amnesia
 e - 5 scrolls of remove curse
 f - 2 scrolls of random uselessness {unknown}
 k - a scroll of enchant armour
 o - 3 scrolls of teleportation
 p - a scroll of brand weapon {unknown}
 r - 6 scrolls of identify
 E - a scroll of vulnerability {unknown}
Potions
 d - a potion of flight
 g - 2 potions of lignification
 h - 3 potions of heal wounds
 i - a potion of berserk rage
 j - 3 potions of curing
 q - a potion of cancellation
 s - a potion of agility
 G - a potion of invisibility
 I - a potion of brilliance
Comestibles
 c - 19 rations


   Skills:
 + Level 2.3 Fighting
 + Level 5.4 Staves
 + Level 1.8 Armour
 + Level 4.5 Dodging
 + Level 4.1 Stealth
 + Level 10.5 Spellcasting
 + Level 6.3 Conjurations
 + Level 13.3 Air Magic


You had 18 spell levels left.
You knew the following spells:

 Your Spells              Type           Power        Failure   Level  Hunger
a - Shock                 Conj/Air       ####         1%          1    None
b - Static Discharge      Conj/Air       ######..     1%          3    None
c - Airstrike             Air            ######....   1%          4    ##.....
d - Lightning Bolt        Conj/Air       ######....   1%          5    ####...

Your spell library contained the following spells:

 Spells                   Type           Power        Failure   Level  Hunger
 Stone Arrow              Conj/Erth      ###...       1%          3    None
 Swiftness                Chrm/Air       #####...     1%          2    None


Dungeon Overview and Level Annotations

Branches:
Dungeon (11/15)            Temple (0/1) D:6
   Lair: D:8-11         Orc: D:9-12

Altars:
Ashenzari
Cheibriados
Dithmenos
Fedhas
Hepliaklqana
Kikubaaqudgha
Makhleb
Nemelex Xobeh
Qazlal
Sif Muna
Trog
Uskayaw
Vehumet
Zin
The Shining One

Shops:
D:5 !

Annotations:
D:4 exclusion: statue
D:9 2 runed doors, SeriousVitamin's ghost, novice DECj


Innate Abilities, Weirdness & Mutations

You have a beak for a mouth.
You have claws for feet.
You can fly.
You have a pair of small antennae on your head.
You have a somewhat thin skeletal structure. (Dex +2, Stealth)
You are partially covered in yellow scales. (AC +2)


Message History

Unknown command.
You feel much better.
You feel sick. Something closely misses you. Something barely misses you.
A red film seems to cover your vision as you go berserk!
You feel yourself moving faster!
You feel mighty! Something hits you! Something bites you.
Something draws strength from your injuries!
You miss something. You claw something! Your peck misses something.
You hit something. Your peck misses something. Something closely misses you.
Something bites you.
Something draws strength from your injuries!
You hit something. Your kick misses something.
Unholy energy fills the air.
* * * LOW HITPOINT WARNING * * *
You hit something. Your kick misses something. You peck something.
You feel sick.
You closely miss something. Something barely misses you. x2
You completely miss something.
Your troll leather armour prevents you from hitting something.
You claw something.
Unholy energy fills the air.
You die...

####################
...................#
................>#.#
......<...(....#.#.#
##..#..#######.#.#.#
#..#...#....#.#.#.#
#..#.###.##.#.#{#.#
#..#......#.#.#@#.#
#..#...#..#.#.#.#.###
#..#...#..#.#.#.#...#
#..#...#..#^#.#.###.#
##..########.#.#.....#
.............#.#######
##############.#
...............#
################


There were no monsters in sight!

Vanquished Creatures
  A two-headed ogre (D:8)
  A deep elf mage (D:7)
  A centaur skeleton (D:10)
  Grinder (D:3)
  3 trolls
  A hippogriff (D:9)
  Sigmund (D:4)
  A spriggan (D:8)
  A shadow (D:10)
  6 yaks (D:10)
  2 hungry ghosts
  A steam dragon (D:10)
  2 water moccasins (D:9)
  3 sky beasts
  An orc warrior (D:8)
  7 ogres
  A necrophage (D:9)
  3 ice beasts
  7 centaurs
  A big kobold (D:10)
  6 bullfrogs
  A wyvern zombie (D:9)
  2 scorpions
  26 killer bees
  2 howler monkeys (D:9)
  6 crimson imps
  2 jellies
  A bullfrog skeleton (D:7)
  6 orc priests
  5 hounds
  9 orc wizards
  Crazy Yiuf (D:2)
  Jessica (D:3)
  6 iguanas
  Natasha (thrice) (D:4)
  7 worker ants
  A hound zombie (D:6)
  2 hound skeletons
  A howler monkey zombie (D:9)
  A worker ant zombie (D:9)
  17 gnolls
  13 adders
  2 shadow imps
  3 worms
  2 dart slugs (D:1)
  7 leopard geckos
  37 orcs
  7 bats
  4 giant cockroaches
  6 goblins
  4 hobgoblins
  11 jackals
  10 kobolds
  3 quokkas
  A ball python (D:2)
  3 frilled lizards
  A jackal zombie (D:8)
  A leopard gecko skeleton (D:6)
  2 quokka skeletons
  7 rats
275 creatures vanquished.

Vanquished Creatures (others)
  A human (D:8)
1 creature vanquished.

Grand Total: 276 creatures vanquished

Notes
Turn   | Place    | Note
-------+----------+-------------------------------------------
     0 | D:1      | dvd the Tengu Air Elementalist began the quest for the Orb.
     0 | D:1      | Reached XP level 1. HP: 10/10 MP: 4/4
   354 | D:1      | Reached XP level 2. HP: 15/15 MP: 1/6
   708 | D:1      | Reached skill level 5 in Air Magic
   931 | D:2      | Reached XP level 3. HP: 19/19 MP: 5/7
  1098 | D:2      | Found a faded altar of an unknown god.
  1182 | D:2      | Noticed a scorpion
  1237 | D:2      | Killed a scorpion
  1237 | D:2      | Reached XP level 4. HP: 24/24 MP: 3/9
  1293 | D:2      | Learned a level 3 spell: Static Discharge
  1298 | D:2      | Learned a level 4 spell: Airstrike
  1347 | D:2      | Gained mutation: You can fly. [Tengu growth]
  1347 | D:2      | Reached XP level 5. HP: 28/28 MP: 4/10
  1447 | D:2      | Reached skill level 6 in Air Magic
  1544 | D:2      | Found a runed door.
  1548 | D:2      | Noticed Crazy Yiuf
  1551 | D:2      | Killed Crazy Yiuf
  2024 | D:2      | Found a snail-covered altar of Cheibriados.
  2171 | D:3      | Noticed Grinder
  2431 | D:3      | Killed Grinder
  2431 | D:3      | Reached skill level 1 in Staves
  2431 | D:3      | Reached XP level 6. HP: 22/32 MP: 1/12
  2574 | D:3      | Reached XP level 7. HP: 32/36 MP: 1/13
  2705 | D:3      | Noticed Jessica
  2708 | D:3      | Killed Jessica
  2712 | D:3      | Reached skill level 7 in Air Magic
  2780 | D:3      | Found a glowing golden altar of the Shining One.
  2962 | D:3      | Found a hide-covered altar of Uskayaw.
  3229 | D:3      | Learned a level 5 spell: Lightning Bolt
  3435 | D:4      | Noticed Natasha
  3443 | D:4      | Killed Natasha
  3537 | D:4      | Found a shattered altar of Ashenzari.
  3545 | D:4      | Noticed Natasha
  3621 | D:4      | Killed Natasha
  3840 | D:4      | Noticed Natasha
  3843 | D:4      | Killed Natasha
  4147 | D:4      | You fall through a shaft for 3 floors!
  4184 | D:7      | Reached XP level 8. HP: 37/41 MP: 1/16
  4468 | D:6      | Reached skill level 5 in Spellcasting
  4468 | D:6      | Reached skill level 8 in Air Magic
  4964 | D:5      | Entered Level 5 of the Dungeon
  5226 | D:5      | Found Jozapoga's Distillery.
  5235 | D:5      | Bought a potion of degeneration for 11 gold pieces
  5332 | D:5      | Reached skill level 9 in Air Magic
  5377 | D:5      | Reached skill level 5 in Conjurations
  5722 | D:5      | Reached skill level 1 in Fighting
  5862 | D:5      | Found a stormy altar of Qazlal.
  5865 | D:5      | Noticed a water elemental
  5865 | D:5      | Noticed an air elemental
  6095 | D:4      | Found a radiant altar of Vehumet.
  6101 | D:4      | Became a worshipper of Vehumet
  6200 | D:4      | Found a blossoming altar of Fedhas.
  6279 | D:4      | Noticed Sigmund
  6282 | D:4      | Killed Sigmund
  6282 | D:4      | Reached XP level 9. HP: 47/47 MP: 5/19
  6585 | D:5      | Found a shadowy altar of Dithmenos.
  7359 | D:6      | Reached skill level 10 in Air Magic
  7736 | D:6      | Reached * piety under Vehumet
  7736 | D:6      | Offered knowledge of Sandblast by Vehumet.
  8230 | D:6      | Found a sparkling altar of Nemelex Xobeh.
  8449 | D:6      | Found a staircase to the Ecumenical Temple.
  8617 | D:7      | Found a hazy altar of Hepliaklqana.
  8931 | D:7      | Found a bloodstained altar of Trog.
  8953 | D:7      | Reached skill level 11 in Air Magic
  9402 | D:7      | Reached XP level 10. HP: 46/52 MP: 11/22
  9542 | D:7      | Noticed a deep elf mage
  9673 | D:7      | Killed a deep elf mage
  9957 | D:7      | Identified a scroll of acquirement
  9958 | D:7      | Got a distressingly furry buckler
  9965 | D:7      | Identified the +0 buckler of Impressiveness {SInv} (You
                  | acquired it on level 7 of the Dungeon)
 10503 | D:8      | Got a smoking ring mail
 10514 | D:8      | Identified the cursed +1 ring mail of Untold Secrets {rN+
                  | Str+3 Dex+4} (You found it on level 8 of the Dungeon)
 10537 | D:8      | Found a deep blue altar of Sif Muna.
 10640 | D:8      | Found an ancient bone altar of Kikubaaqudgha.
 10751 | D:8      | Noticed a two-headed ogre
 10762 | D:8      | Killed a two-headed ogre
 10762 | D:8      | Reached skill level 12 in Air Magic
 10765 | D:8      | Reached skill level 1 in Armour
 11300 | D:8      | Gained mutation: You have a somewhat thin skeletal
                  | structure. (Dex +2, Stealth) [potion of mutation]
 11300 | D:8      | Gained mutation: You are partially covered in yellow
                  | scales. (AC +2) [potion of mutation]
 11300 | D:8      | Gained mutation: You have a pair of small antennae on your
                  | head. [potion of mutation]
 11426 | D:9      | Offered knowledge of Magic Dart by Vehumet.
 11426 | D:9      | Reached ** piety under Vehumet
 11916 | D:9      | Found a glowing silver altar of Zin.
 11916 | D:9      | Found a burning altar of Makhleb.
 11917 | D:9      | Noticed a blizzard demon
 11917 | D:9      | Noticed an angel
 11924 | D:9      | Reached XP level 11. HP: 30/57 MP: 12/25
 12305 | D:9      | Reached skill level 10 in Spellcasting
 12417 | D:9      | Found an ancient bone altar of Kikubaaqudgha.
 12569 | D:9      | Found a large runed door.
 12569 | D:9      | Found a large runed door.
 12572 | D:9      | Noticed SeriousVitamin's ghost (novice DECj)
 12710 | D:10     | Entered Level 10 of the Dungeon
 12888 | D:10     | Reached skill level 13 in Air Magic
 12895 | D:10     | Offered knowledge of Stone Arrow by Vehumet.
 12897 | D:10     | Reached skill level 5 in Staves
 13538 | D:10     | Reached *** piety under Vehumet
 13817 | D:10     | Killed from afar by a vampire

Skill      XL: |  1  2  3  4  5  6  7  8  9 10 11 |
---------------+----------------------------------+-----
Air Magic      | 5 6 7 9 11 12 13 | 13.3
Conjurations   | 2 3 4 5 6 |  6.3
Spellcasting   | 3 4 6 7 9 10 | 10.5
Staves         | 1 2 3 4 5 |  5.4
Dodging        | 3 4 |  4.5
Stealth        | 3 4 |  4.1
Fighting       | 1 2 |  2.3
Armour         | 1 |  1.8

Action                   |  1- 3 |  4- 6 |  7- 9 | 10-12 || total
-------------------------+-------+-------+-------+-------++-------
Melee: Short sword       |     3 |     2 |       |       ||     5
       Kick              |     1 |     7 |    13 |    19 ||    40
       Quarterstaff      |       |    22 |   101 |    86 ||   209
       Peck              |       |     1 |    10 |     9 ||    20
 Cast: Shock             |    44 |    46 |   103 |    15 ||   208
       Static Discharge  |       |     5 |    34 |    15 ||    54
       Airstrike         |       |     1 |    66 |   104 ||   171
       Lightning Bolt    |       |       |     2 |    14 ||    16
  Use: Potion            |       |     1 |       |    11 ||    12
       Scroll            |       |       |       |    12 ||    12
 Stab: Sleeping          |       |     1 |     1 |     3 ||     5
       Confused          |       |     1 |       |       ||     1
       Distracted        |       |       |     2 |       ||     2
       Paralysed         |       |       |       |     1 ||     1
  Eat: Chunk             |     1 |     5 |    25 |    21 ||    52
       Ration            |       |       |     2 |       ||     2
Armor: Robe              |     5 |     4 |    16 |       ||    25
       Ring mail         |       |       |       |     8 ||     8
       Troll leather arm |       |       |       |    18 ||    18
Dodge: Dodged            |     8 |    25 |   107 |   167 ||   307
